 Dungeon Crawl Stone Soup version 0.30-b1-2-g02819fbbbe (webtiles) character file.

Game seed: 2177672424151034869

56 Rekenzichi the Poker (level 3, -3/27 HPs)
             Began as a Demonspawn Gladiator on Oct 17, 2023.
             Slain by Robin
             ... wielding a +3 falchion of holy wrath
              (8 damage)
             ... on level 2 of the Dungeon.
             The game lasted 00:03:42 (995 turns).

Rekenzichi the Poker (Demonspawn Gladiator)          Turns: 995, Time: 00:03:42

Health: -3/27      AC:  4    Str: 14    XL:     3   Next: 69%
Magic:  3/3        EV: 12    Int:  9    God:
Gold:   106        SH:  5    Dex: 16    Spells: 2/2 levels left

rFire   . . .        a - +0 trident
rCold   . . .        (no shield)
rNeg    . . .        b - +0 leather armour
rPois   .            c - +0 helmet
rElec   .            (no cloak)
rCorr   +            (no gloves)
SInv    .            (no boots)
Will    .....        i - amulet of reflection
Stlth   +            h - ring of resist corrosion
HPRegen 0.24/turn    (no ring)
MPRegen 0.08/turn

%: reflection
@: no status effects
A: demonic guardian 2
a: no special abilities


You were on level 2 of the Dungeon.
You visited 1 branch of the dungeon, and saw 2 of its levels.

You collected 106 gold pieces.

Inventory:

Hand Weapons
 a - a +0 trident (weapon)
Missiles
 d - 3 throwing nets
 e - a javelin
 k - 5 boomerangs (quivered)
Armour
 b - a +0 leather armour (worn)
 c - a +0 helmet (worn)
Jewellery
 h - a ring of resist corrosion (left hand)
 i - an amulet of reflection (around neck)
Scrolls
 g - a scroll of enchant armour {unknown}
Potions
 f - a potion of invisibility {unknown}
 j - a potion of flight {unknown}


   Skills:
 + Level 2.1 Fighting
 + Level 3.8 Polearms
 + Level 1.7 Throwing
 + Level 0.3 Armour
 + Level 3.0 Dodging
 + Level 0.2 Stealth


You had 2 spell levels left.
You didn't know any spells.
Your spell library contained the following spells:

 Spells                   Type           Power      Damage    Failure   Level
 Ensorcelled Hibernation  Hex/Ice        0%         N/A       61%         2
 Passwall                 Tmut/Erth      0%         N/A       61%         2
 Ozocubu's Armour         Ice            0%         N/A       83%         3
 Swiftness                Air            0%         N/A       83%         3
 Ozocubu's Refrigeration  Ice            0%         4d7       100%        7


Dungeon Overview and Level Annotations

Branches:
Dungeon (2/15)

Altars:

Annotations:
D:2 Robin


Innate Abilities, Weirdness & Mutations

A demonic guardian rushes to your aid.


Message History

You completely miss Robin.
An endoplasm comes into view.
Robin barely misses you. Robin throws the goblin at you!
You block the goblin's attack.
You closely miss the goblin. You block the goblin's attack.
The goblin closely misses you.
The endoplasm hits you but does no damage.
You hit the endoplasm.
The endoplasm is moderately wounded.
You block the goblin's attack. The endoplasm closely misses you.
You hit the endoplasm.
You kill the endoplasm!
The goblin hits you but does no damage.
You barely miss the goblin. You block the goblin's attack.
You closely miss the goblin. You block the goblin's attack. x2
The goblin hits you with a +0 club. The goblin hits you with a +0 dagger.
You puncture the goblin!
You kill the goblin!
The goblin no longer looks unusually strong.
You block the goblin's attack.
You puncture the goblin!
You kill the goblin!
Robin points. "Kill!"
You barely miss Robin. Robin closely misses you.
You hit Robin but do no damage. You punch Robin, but do no damage.
Robin's bangles clink loudly.
Robin hits you with a +3 falchion of holy wrath.
You convulse.
A demonic guardian appears!
You are too injured to fight recklessly!
You are too injured to fight recklessly!
You are too injured to fight recklessly!
You hit Robin.
Robin is lightly wounded.
Robin closely misses you.
You hit Robin.
Robin is heavily wounded.
Robin hits you with a +3 falchion of holy wrath!
* * * LOW HITPOINT WARNING * * *
You convulse!
You die...

#..<.....#..##.# # #....#
...............# ##....#
.........#..#..###.##.####
#.....).....#..........#
#...$).................
#####.#.####.####.##..####
...⌠.⌠...))...)..........
..#.....#4##.####..#...#
#..⌠._..g@##.####..#...#
#.#.....####.##....#...###
...>⌠...⌠..................
##.####..####.##.#.##.#####
.. #..# #....#.##...... #..
######.####.### #.####.###
#......... ######....


You could see Robin (ally target) and a friendly rust devil (summoned).

Vanquished Creatures
  An adder (D:2)
  2 ball pythons
  3 bats
  2 endoplasms
  A giant cockroach (D:1)
  2 hobgoblins
  4 jackals (D:1)
  2 kobolds (D:1)
  A quokka (D:1)
  8 frilled lizards (D:1)
  12 goblins
  3 rats (D:1)
41 creatures vanquished.

Vanquished Creatures (others)
  2 plants (D:1)
2 creatures vanquished.

Grand Total: 43 creatures vanquished

Notes
Turn   | Place    | Note
-------+----------+-------------------------------------------
     0 | D:1      | Rekenzichi the Demonspawn Gladiator began the quest for the
                  | Orb.
     0 | D:1      | Reached XP level 1. HP: 16/16 MP: 1/1
   145 | D:1      | Gained mutation: A weak demonic guardian rushes to your
                  | aid. [demonic ancestry]
   145 | D:1      | Reached XP level 2. HP: 19/22 MP: 2/2
   704 | D:2      | Gained mutation: A demonic guardian rushes to your aid.
                  | [demonic ancestry]
   704 | D:2      | Reached XP level 3. HP: 16/27 MP: 3/3
   936 | D:2      | Noticed Robin
   972 | D:2      | Found a faded altar of an unknown god.
   995 | D:2      | Slain by Robin

Illustrated notes

Levels and vault maps discovered:
D:1:      onia_arrival_mini_maze, layout_basic, minmay_lizard_king
D:2:      layout_basic, hellmonk_ecumenical_altar_run_dry, patterned_corridor,
          uniq_robin

Skill      XL: |  1  2 |
---------------+-------+-----
Polearms       | 3 |  3.8
Dodging        | 3 |  3.0
Fighting       | |  2.1
Throwing       | |  1.7
Armour         | |  0.3
Stealth        | |  0.2

Action                     || total
---------------------------++-------
  Melee: Trident           ||   141
         Punch             ||     3
   Stab: Sleeping          ||     1
 Armour: Leather armour    ||    36
  Dodge: Dodged            ||    84
  Block: Other             ||    18
